 Dungeon Crawl Stone Soup version 0.26-a0-778-g3fe0686644 (webtiles) character file.

Game seed: 12482135986737167323

77 mattiecakes the Skirmisher (level 4, -2/40 HPs)
             Began as a Hill Orc Fighter on Nov 11, 2020.
             Killed from afar by Sigmund (4 damage)
             ... with a puff of flame
             ... on level 2 of the Dungeon.
             The game lasted 00:01:17 (1421 turns).

mattiecakes the Skirmisher (Hill Orc Fighter)       Turns: 1421, Time: 00:01:17

Health: -2/40      AC:  7    Str: 19    XL:     4   Next: 33%
Magic:  4/4        EV:  7    Int:  8    God:
Gold:   98         SH:  9    Dex: 10    Spells: 3/3 levels left

rFire    . . .     SeeInvis .   a - +0 war axe
rCold    . . .     Faith    .   c - +0 kite shield
rNeg     . . .     Spirit   .   b - +0 scale mail
rPois    .         Reflect  .   (no helmet)
rElec    .         Harm     .   (no cloak)
rCorr    .         Rampage  .   (no gloves)
MR       .....                  (no boots)
Stlth    ..........             (no amulet)
HPRegen  0.13/turn              (no ring)
MPRegen  0.09/turn              (no ring)

@: mighty, hasted, very quick
A: no striking features
a: no special abilities


You were on level 2 of the Dungeon.
You visited 1 branch of the dungeon, and saw 2 of its levels.

You collected 98 gold pieces.

Inventory:

Hand Weapons
 a - a +0 war axe (weapon)
Armour
 b - a +0 scale mail (worn)
 c - a +0 kite shield (worn)
Scrolls
 e - 2 scrolls of teleportation {unknown}
 f - 2 scrolls of magic mapping {unknown}
 h - a scroll of remove curse {unknown}
Potions
 g - a potion of haste
 i - a potion of brilliance {unknown}


   Skills:
 + Level 4.2 Fighting
 + Level 3.5 Axes
 + Level 3.8 Armour
 + Level 1.2 Dodging
 + Level 3.8 Shields


You had 3 spell levels left.
You didn't know any spells.
Your spell library was empty.

Dungeon Overview and Level Annotations

Branches:
Dungeon (2/15)

Altars:

Annotations:
D:2 Sigmund


Message History

* * * LOW HITPOINT WARNING * * *
You hit Sigmund.
Sigmund is lightly wounded.
You closely miss the frilled lizard.
The frilled lizard bites you but does no damage.
Sigmund hits you with a +0 scythe.
* * * LOW HITPOINT WARNING * * *
You barely miss Sigmund.
Sigmund is lightly wounded.
You slash the frilled lizard!
You kill the frilled lizard!
You feel less confused. Sigmund hits you with a +0 scythe.
* * * LOW HITPOINT WARNING * * *
Unknown command.
Unknown command.
It was a potion of haste.
You feel yourself speed up.
Sigmund points at you and mumbles some strange words.
The puff of flame hits you.
You die...

..# #..###### ###..##
......... .......
#...#####... .......#
#..######... ........##
##..........< .........#
#...........) .......#.#
#............
.......#'####..........##
......).@...#>.........#
........@...'..........#
##..........#....).....#
#..........#..........##
#..........#...)......'.
#..........#..........##
#..........#..........#
#..........###........#
....... ##########


You could see Sigmund.

Vanquished Creatures
  3 gnolls (D:2)
  A worm (D:2)
  4 leopard geckos (D:1)
  A giant cockroach (D:1)
  6 goblins
  5 hobgoblins
  10 jackals
  3 bats (D:1)
  2 frilled lizards
  2 kobolds
  2 rats (D:1)
39 creatures vanquished.

Notes
Turn   | Place    | Note
-------+----------+-------------------------------------------
     0 | D:1      | mattiecakes the Hill Orc Fighter began the quest for the
                  | Orb.
     0 | D:1      | Reached XP level 1. HP: 19/19 MP: 1/1
   199 | D:1      | Reached XP level 2. HP: 27/27 MP: 2/2
   495 | D:1      | Reached XP level 3. HP: 27/33 MP: 3/3
   677 | D:1      | Reached skill level 4 in Fighting
   926 | D:2      | Reached skill level 1 in Dodging
  1036 | D:2      | Reached XP level 4. HP: 8/40 MP: 4/4
  1407 | D:2      | Noticed Sigmund
  1420 | D:2      | HP: 2/40 [Sigmund/+0 scythe (5)]
  1421 | D:2      | Killed from afar by Sigmund

Illustrated notes

Levels and vault maps discovered:
D:1:      eino_arrival_cavern_d, layout_rooms
D:2:      minmay_alternating_diamond, layout_basic, uniq_robin, uniq_sigmund

Skill      XL: |  1  2  3 |
---------------+----------+-----
Axes           | 3 |  3.5
Fighting       | 4 |  4.2
Dodging        | 1 |  1.2
Armour         | |  3.8
Shields        | |  3.8

Action                   |  1- 3 |  4- 6 || total
-------------------------+-------+-------++-------
Melee: War axe           |    99 |    18 ||   117
  Use: Potion            |       |     2 ||     2
Armor: Scale mail        |    70 |     9 ||    79
Dodge: Dodged            |    33 |     4 ||    37
Block: Kite shield       |    55 |    11 ||    66

Table legend: (Time is in decaauts)
 A = Elapsed time spent in this place.
 B = Non-inter-level travel time spent in this place.
 C = Inter-level travel time spent in this place.
 D = Time resting spent in this place.
 E = Time spent auto-exploring this place.
 F = Levels seen in this place.
 G = Mean time per level.
                   A        B        C        D        E       F      G
               +--------+--------+--------+--------+--------+-----+--------+
         Total |   1472 |   1466 |      6 |    399 |    796 |   2 |  736.0 |
       Dungeon |   1472 |   1466 |      6 |    399 |    796 |   2 |  736.0 |
               +--------+--------+--------+--------+--------+-----+--------+

Top non-repeatable levels by time:
     D:1: 1023 daAuts
     D:2: 448 daAuts
